 Dungeon Crawl Stone Soup version 0.23-a0-819-g6debee6 (console) character file.

34 bli the Skirmisher (level 3, -1/29 HPs)
             Began as a Formicid Abyssal Knight on Jan 22, 2019.
             Was a Follower of Lugonu.
             Slain by a worm (5 damage)
             ... on level 2 of the Dungeon.
             The game lasted 00:03:12 (1183 turns).

bli the Skirmisher (Formicid Abyssal Knight)        Turns: 1183, Time: 00:03:13

Health: -1/29      AC:  4    Str: 16    XL:     3   Next: 50%
Magic:  4/4        EV: 11    Int: 13    God:    Lugonu [*.....]
Gold:   36         SH:  0    Dex: 11    Spells: 2/2 levels left

rFire    . . .     SeeInvis +   a - +1 hand axe
rCold    . . .     Gourm    .   (no shield)
rNeg     . . .     Faith    .   b - +0 leather armour
rPois    .         Spirit   .   (helmet unavailable)
rElec    .         Reflect  .   (no cloak)
rCorr    .         Harm     .   j - +0 pair of gloves
MR       .....                  (no boots)
Stlth    +.........             (no amulet)
HPRegen  0.09/turn              i - +2 ring of intelligence
MPRegen  0.09/turn              (no ring)

@: no status effects
A: permanent stasis, dig shafts and tunnels, four strong arms, antennae 3
a: Dig, Shaft Self, Depart the Abyss, Renounce Religion


You were on level 2 of the Dungeon.
You worshipped Lugonu.
Lugonu was aware of your devotion.
You were not hungry.

You visited 1 branch of the dungeon, and saw 2 of its levels.
You visited the Abyss 1 time.

You collected 36 gold pieces.

Inventory:

Hand Weapons
 a - a +1 hand axe (weapon)
Missiles
 d - 26 sling bullets
 e - 43 stones (quivered)
Armour
 b - a +0 leather armour (worn)
 g - a +0 ring mail
 j - a +0 pair of gloves (worn)
 n - a +0 scale mail
Jewellery
 i - a +2 ring of intelligence (left hand)
Scrolls
 h - a scroll of blinking {unknown}
 k - a scroll of immolation {unknown}
 l - a scroll of identify {unknown}
Potions
 f - a potion of haste {unknown}
Comestibles
 c - a ration
 m - 2 chunks of flesh


   Skills:
 + Level 3.5 Fighting
 * Level 3.4 Axes
 - Level 2.1 Armour
 - Level 0.8 Dodging
 - Level 2.1 Invocations


You had 2 spell levels left.
You didn't know any spells.
Your spell library was empty.

Dungeon Overview and Level Annotations

Branches:
Dungeon (2/15)

Altars:


Innate Abilities, Weirdness & Mutations

You cannot be hasted, slowed, berserked, paralysed or teleported.
You can dig through walls and to a lower floor.
Your four strong arms can wield two-handed weapons with a shield.
You have a pair of large antennae on your head. (SInv)


Message History

Aim: a worm (lightly wounded)
You throw a stone.
The stone hits the worm but does no damage.
The worm is lightly wounded.
You hit the worm.
The worm is moderately wounded.
You barely miss the worm.
The worm is moderately wounded.
The worm bites you.
* * * LOW HITPOINT WARNING * * *
Throwing (i - inventory)
e - 44 stones (quivered)
Press: ? - help, Shift-Dir - straight line, f/p - worm
Aim: a worm (lightly wounded)
You throw a stone.
The stone hits the worm but does no damage.
The worm is lightly wounded.
You completely miss the worm.
The worm is lightly wounded.
The worm bites you.
You die...

...........###(...###.# .
#####........(.#.....
#####.##..##...#.....
#...#.##.......#......
#...#.##..##.(.#######
#.........##.(.#
#...#.###.##...#
#...#.###.##...#######..#
#.............(..........
####..###.##..w####.###.#
.............@........#
.....##.###.###.#.###.# #
. #...#
#.........#.###.####.#..
..
#.###.......#...........
. #.#
#.###....รท)......... ##
#.#..............##.
.....#...###.#######.
.................####.
.......<..............
................[....#.
........#...##.###.####.


You could see a worm.

Vanquished Creatures
  An ooze (D:1)
  A worm (D:2)
  A leopard gecko (D:1)
  3 bats (D:1)
  3 giant cockroaches (D:1)
  A goblin (D:1)
  2 hobgoblins (D:1)
  4 jackals (D:2)
  3 frilled lizards
  3 kobolds
  5 rats
27 creatures vanquished.

Notes
Turn   | Place    | Note
-------+----------+-------------------------------------------
     0 | Abyss:1  | bli the Formicid Abyssal Knight began the quest for the
                  | Orb.
     0 | Abyss:1  | Reached XP level 1. HP: 18/18 MP: 2/2
    34 | Abyss:1  | Noticed a raiju
    37 | Abyss:1  | Noticed a worldbinder
    39 | Abyss:1  | Noticed a merfolk siren
    46 | Abyss:1  | Noticed a merfolk siren
    46 | Abyss:1  | Noticed a manticore
    46 | Abyss:1  | Noticed a sixfirhy
    47 | D:1      | Escaped the Abyss
   500 | D:1      | Reached XP level 2. HP: 21/24 MP: 3/3
   542 | D:1      | Reached * piety under Lugonu
   760 | D:1      | Reached XP level 3. HP: 29/29 MP: 4/4
  1183 | D:2      | Slain by a worm

Vault maps used:
D:1:      moated_graveyard_arrival
D:2:      first_ration, grunt_qazlal_clouds

Skill      XL: |  1  2 |
---------------+-------+-----
Axes           | 3 |  3.4
Fighting       | |  3.5
Armour         | |  2.1
Dodging        | |  0.8
Invocations    | |  2.1

Action                   || total
-------------------------++-------
Melee: Hand axe          ||    79
Throw: Stone             ||     7
Invok: Depart the Abyss  ||     1
  Eat: Chunk             ||     1
Armor: Leather armour    ||    31
Dodge: Dodged            ||    69

Table legend:
 A = Non-vault XP
 B = Vault XP
 C = Vault XP percentage of total XP
 D = Non-vault monster count
 E = Vault monster count
 F = Vault count percentage of total count
                 A         B        C        D         E       F
            +---------+---------+-------+---------+---------+-------
      Total |      49 |       0 |   0.0 |      27 |       0 |   0.0
            +---------+---------+-------+---------+---------+-------
        D:1 |      33 |       0 |   0.0 |      18 |       0 |   0.0
        D:2 |      16 |       0 |   0.0 |       9 |       0 |   0.0
            +---------+---------+-------+---------+---------+-------
